 Dungeon Crawl Stone Soup version 0.30.1-11-g7821555f0a (webtiles) character file.

Game seed: 1993941818469945724

745 Dordric the Carver (level 7, 0/50 HPs)
             Began as a Merfolk Gladiator on Oct 31, 2023.
             Was a Believer of Lugonu.
             Slain by a centaur (3 damage)
             ... on level 5 of the Dungeon.
             The game lasted 00:04:46 (3868 turns).

Dordric the Carver (Merfolk Gladiator)              Turns: 3868, Time: 00:04:47

Health: 0/50       AC:  9    Str: 15    XL:     7   Next: 76%
Magic:  8/8        EV: 13    Int:  7    God:    Lugonu [**....]
Gold:   209        SH:  0    Dex: 23    Spells: 6/6 levels left

rFire   . . .        m - +0 dagger (venom)
rCold   . . .        (no shield)
rNeg    . . .        n - +0 ring mail
rPois   .            q - +0 helmet
rElec   .            v - scarf {+Inv}
rCorr   .            y - +2 pair of gloves
SInv    .            (no boots)
Will    .....        (no amulet)
Stlth   +            i - +6 ring of dexterity
HPRegen 0.28/turn    (no ring)
MPRegen 0.11/turn

%: no passive effects
@: attractive
A: (nimble swimmer 2), mertail
a: Renounce Religion, Evoke Invisibility, Depart the Abyss, Banish


You were on level 5 of the Dungeon.
You worshipped Lugonu.
Lugonu was pleased with you.
You visited 1 branch of the dungeon, and saw 5 of its levels.

You collected 209 gold pieces.

Inventory:

Hand Weapons
 a - a +0 long sword
 m - a +0 dagger of venom (weapon)
Missiles
 d - 6 throwing nets (quivered)
 e - a javelin
Armour
 b - a +0 leather armour
 n - a +0 ring mail (worn)
 q - a +0 helmet (worn)
 v - a scarf of invisibility (worn)
 y - a +2 pair of gloves (worn)
Jewellery
 i - a +6 ring of dexterity (left hand)
 j - a ring of fire
Scrolls
 g - a scroll of poison
 k - a scroll of teleportation
 l - a scroll of noise
 s - a scroll of amnesia
Potions
 c - a potion of mutation {unknown}
 f - a potion of attraction
 h - a potion of magic {unknown}
 o - a potion of ambrosia {unknown}
 p - a potion of haste {unknown}
 t - 2 potions of heal wounds {unknown}
 u - a potion of curing
 w - a potion of cancellation {unknown}
 x - a potion of lignification {unknown}


   Skills:
 - Level 2.1 Fighting
 + Level 10.4 Long Blades
 - Level 2.0 Throwing
 - Level 4.0 Dodging
 + Level 1.5 Invocations


You had 6 spell levels left.
You didn't know any spells.
Your spell library contained the following spells:

 Spells                   Type           Power      Damage    Failure   Level
 Beastly Appendage        Tmut           0%         N/A       67%         1
 Wereblood                Tmut           0%         N/A       80%         2
 Spider Form              Tmut/Pois      0%         N/A       95%         3
 Summon Guardian Golem    Hex/Summ       0%         N/A       95%         3
 Orb of Destruction       Conj           0%         9d5       100%        7
 Spellforged Servitor     Conj/Summ      0%         N/A       100%        7


Dungeon Overview and Level Annotations

Branches:
Dungeon (5/15)
 Temple: D:4-7

Altars:
Ashenzari
Elyvilon
Gozag
Qazlal
Sif Muna
Lugonu


Innate Abilities, Weirdness & Mutations

((You are very nimble when in or above water. (Stealth+, EV+, Speed+++)))
Your lower body shifts to a powerful aquatic tail in water.


Message History

Deactivating autopickup; reactivate with Ctrl-A.
An arrow appears from out of thin air!
The arrow hits you!
An arrow appears from out of thin air!
The arrow hits you!
There is an open door here.
You hear a bow twang.
An arrow appears from out of thin air!
The arrow hits you.
You hear a bow twang.
An arrow appears from out of thin air!
The arrow hits you!
You hear a bow twang.
An arrow appears from out of thin air!
The arrow hits you.
You hear a bow twang.
An arrow appears from out of thin air!
The arrow hits you!
* * * LOW HITPOINT WARNING * * *
It was a potion of attraction.
You feel attractive to monsters.
You hear a bow twang.
An arrow appears from out of thin air!
The arrow hits you but does no damage. Something is attracted toward you.
You closely miss something. Something hits you but does no damage.
Something barely misses you.
You hit something but do no damage. You hit something but do no damage.
Something hits you but does no damage. Something kicks you but does no damage.
Something hits you.
* * * LOW HITPOINT WARNING * * *
Something kicks you but does no damage.
You hit something. Something hits you but does no damage.
Something kicks you but does no damage.
You barely miss something. You barely miss something. Something hits you.
* * * LOW HITPOINT WARNING * * *
Something kicks you but does no damage.
You hit something but do no damage. Something hits you.
* * * LOW HITPOINT WARNING * * *
Something kicks you but does no damage.
You hit something. Something hits you but does no damage.
Something kicks you but does no damage.
You hit something. Something hits you.
* * * LOW HITPOINT WARNING * * *
Something kicks you but does no damage. Something hits you.
You die...

##.## #.##..
##...##### #.#...
#..#..#..####.#.##
#.###.#..........<
#.###)##........#.
####.#_...##.........
#.'..#...._#......###
#.##.#_...##......#
#..#@###.###......#
##.#.###.##.......+
#>.#..#..##.......###
#..##...###..........
#...##.##.###########
##...#_#..###########
#...###............#
#.......##########.#
#...................


There were no monsters in sight!

Vanquished Creatures
  Sigmund (D:2)
  An ogre (D:4)
  A kobold brigand (D:4)
  2 scorpions
  A howler monkey (D:5)
  2 hounds (D:4)
  2 orc wizards (D:4)
  3 gnolls (D:2)
  5 adders
  3 dart slugs (D:1)
  6 orcs (D:4)
  10 ball pythons
  3 bats
  6 endoplasms
  2 giant cockroaches
  11 goblins
  7 hobgoblins
  A jackal (D:3)
  3 quokkas
  2 frilled lizards
  10 kobolds
  6 rats
88 creatures vanquished.

Notes
Turn   | Place    | Note
-------+----------+-------------------------------------------
     0 | D:1      | Dordric the Merfolk Gladiator began the quest for the Orb.
     0 | D:1      | Reached XP level 1. HP: 16/16 MP: 1/1
   135 | D:1      | Reached skill level 4 in Long Blades
   145 | D:1      | Reached XP level 2. HP: 10/22 MP: 2/2
   455 | D:1      | Reached skill level 5 in Long Blades
   455 | D:1      | Reached XP level 3. HP: 27/27 MP: 3/3
  1123 | D:2      | Reached XP level 4. HP: 33/33 MP: 4/4
  1222 | D:2      | Reached skill level 6 in Long Blades
  1225 | D:2      | Identified the +0 mace of Misery {venom, rF+ Dex+6}
  1275 | D:2      | Noticed Sigmund
  1301 | D:2      | Killed Sigmund
  1302 | D:2      | Reached skill level 7 in Long Blades
  1302 | D:2      | Reached XP level 5. HP: 25/38 MP: 5/5
  1302 | D:2      | Reached XP level 6. HP: 29/44 MP: 6/6
  1307 | D:2      | Reached skill level 8 in Long Blades
  1380 | D:2      | Found a faded altar of an unknown god.
  1683 | D:2      | Prayed at the altar of an unknown god.
  1683 | D:2      | Became a worshipper of Lugonu the Unformed
  1683 | D:2      | Reached * piety under Lugonu
  2349 | D:4      | Reached skill level 9 in Long Blades
  2349 | D:4      | Reached XP level 7. HP: 19/50 MP: 7/7
  2493 | D:4      | Found a white marble altar of Elyvilon.
  2660 | D:4      | Reached ** piety under Lugonu
  3050 | D:4      | Found a shimmering blue altar of Sif Muna.
  3239 | D:4      | Reached skill level 10 in Long Blades
  3666 | D:5      | Entered Level 5 of the Dungeon
  3743 | D:5      | Reached skill level 1 in Invocations
  3814 | D:5      | Found a faded altar of an unknown god.
  3814 | D:5      | Found a faded altar of an unknown god.
  3822 | D:5      | Found a broken altar of Ashenzari.
  3826 | D:5      | Found a stormy altar of Qazlal.
  3828 | D:5      | Found an opulent altar of Gozag.
  3868 | D:5      | Slain by a centaur

Illustrated notes

Levels and vault maps discovered:
D:1:      dpeg_cavernosity, layout_basic
D:2:      layout_rooms, shapermc_ecumenical_altar_mp_ritualfount,
          kennysheep_generic_room_14, uniq_sigmund
D:3:      kennysheep_six_static_rooms, layout_basic
D:4:      kennysheep_big_flooded_room, layout_cave_pods, elyvilon_altar_1,
          tgw_sif, lexackson_kobold_supper
D:5:      minmay_polygon_palace, layout_basic,
          chequers_temple_overflow_minitemple, nicolae_zen_rock_garden,
          minmay_misc_feat_columns

Skill      XL: |  1  2  3  4  5  6  7 |
---------------+----------------------+-----
Long Blades    | 4 5 7 9 10 | 10.4
Invocations    | 1 |  1.5
Fighting       | |  2.1
Throwing       | |  2.0
Dodging        | |  4.0

Action                     |  1- 3 |  4- 6 |  7- 9 || total
---------------------------+-------+-------+-------++-------
  Melee: Long sword        |    23 |       |       ||    23
         Dagger            |    82 |   123 |   115 ||   320
         Punch             |       |     1 |     2 ||     3
         Tailslap          |       |       |     2 ||     2
  Throw: Throwing net      |       |     2 |       ||     2
    Use: Scroll            |       |     4 |     2 ||     6
         Potion            |       |       |     1 ||     1
   Stab: Sleeping          |     3 |       |       ||     3
         Distracted        |       |     1 |       ||     1
         Held in net/web   |       |     1 |       ||     1
 Armour: Leather armour    |     7 |       |       ||     7
         Ring mail         |    22 |    53 |    47 ||   122
  Dodge: Dodged            |    78 |    83 |    43 ||   204
